 Dungeon Crawl Stone Soup version 0.31-a0-691-g409c26aa35 (webtiles) character file.

Game seed: 11086216813981114341

147467 qw the Crack Shot (level 17, 0/115 HPs)
             Began as a Gargoyle Hunter on Sept 6, 2023.
             Was a High Priest of Okawaru.
             Slain by a black mamba (5 damage)
             ... on level 3 of the Snake Pit.
             The game lasted 00:13:29 (25787 turns).

qw the Crack Shot (Gargoyle Hunter)                Turns: 25787, Time: 00:13:29

Health: 0/115      AC: 34    Str: 19    XL:     17   Next: 46%
Magic:  24/24      EV: 27    Int: 12    God:    Okawaru [*****.]
Gold:   675        SH:  0    Dex: 25    Spells: 16/16 levels left

rFire   + + +        u - +6 hand cannon of Strategic Superiority {elec, rF+++ Will- Str+4}
rCold   + + +        (no shield)
rNeg    + . .        C - +4 skin of Zhor {*Englaciate rC+++ SInv}
rPois   inf          y - +1 hat "Yrufyut" {Dex+6}
rElec   +            s - +0 cloak of Hubris {Rampage rElec Slay+3}
rCorr   .            i - +1 pair of gloves
SInv    +            B - +2 pair of boots {rampage}
Will    .....        e - amulet of faith
Stlth   ++++         (no ring)
HPRegen 0.39/turn    a - +4 ring of protection
MPRegen 0.19/turn

%: rampage, faith
@: about to teleport, heroic, flying, slowed, very slow
A: sickness immunity, AC +12, big wings, negative energy resistance 1,
electricity resistance, torment resistance 1, petrification resistance,
iridescent scales 1, cold resistance 1, fire resistance 1, MP-powered wands
a: Renounce Religion, Heroism, Finesse, Duel


You were on level 3 of the Snake Pit.
You worshipped Okawaru.
Okawaru was extremely pleased with you.
You visited 5 branches of the dungeon, and saw 26 of its levels.
You also visited: Sewer.

You collected 2831 gold pieces.
You spent 2156 gold pieces at shops.


Innate Abilities, Weirdness & Mutations

You are immune to sickness and miasma.
Your stone body is resilient. (AC +12)
You are immune to poison.
Your large and strong wings let you fly.
You resist negative energy. (rN+)
You are resistant to electric shocks. (rElec)
You are resistant to unholy torment.
You are immune to petrification.
You are partially covered in iridescent scales. (AC +2)
Your flesh is cold resistant. (rC+)
Your flesh is heat resistant. (rF+)
You expend magic power (3 MP) to strengthen your wands.


   Skills:
 + Level 16.1(21.1) Fighting
 - Level 22.0(27) Ranged Weapons
 - Level 6.0(11.0) Armour
 - Level 11.0(16.0) Dodging
 - Level 1.1(6.1) Stealth
 - Level 10.0 Invocations


You had 16 spell levels left.
You didn't know any spells.
Your spell library was empty.

Inventory:

Hand Weapons
 g - a +3 triple crossbow of flaming
 u - the +6 hand cannon of Strategic Superiority (weapon) {elec, rF+++ Will- Str+4}
   (You acquired it on level 8 of the Dungeon)

   Str+4:     It affects your strength (+4).
   rF+++:     It renders you almost immune to fire.
   Will-:     It decreases your willpower.
Armour
 b - a +2 robe of resistance
 c - the +1 robe "Fizxixot" {Int+2 Slay+5}
   (Okawaru gifted it to you on level 2 of the Lair of Beasts)

   Int+2:     It affects your intelligence (+2).
   Slay+5:    It affects your accuracy & damage with ranged weapons and melee
   (+5).
 i - a +1 pair of gloves (worn)
 s - the +0 cloak of Hubris (worn) {Rampage rElec Slay+3}
   (Okawaru gifted it to you on level 11 of the Dungeon)

   Slay+3:    It affects your accuracy & damage with ranged weapons and melee
   (+3).
   rElec:     It insulates you from electricity.
   Rampage:   It bestows one free step when moving towards enemies.
 y - the +1 hat "Yrufyut" (worn) {Dex+6}
   (You bought it in a shop on level 2 of the Orcish Mines)

   Dex+6:     It affects your dexterity (+6).
 B - a +2 pair of boots of rampaging (worn)
 C - the +4 skin of Zhor (worn) {*Englaciate rC+++ SInv}
   (Okawaru gifted it to you on level 1 of the Snake Pit)

   *Englaciate: It radiates cold, occasionally slowing all nearby creatures who
   are not resistant to cold.
   rC+++:     It renders you almost immune to cold.
   SInv:      It lets you see invisible.
Jewellery
 a - a +4 ring of protection (right hand)
 e - an amulet of faith (around neck)
 j - a ring of see invisible
 k - a ring of protection from cold
 l - an amulet of reflection
 o - a ring of fire
Wands
 p - a wand of digging (15)
Scrolls
 n - 8 scrolls of identify
 r - 5 scrolls of teleportation
 w - 2 scrolls of enchant weapon
 x - a scroll of brand weapon
Potions
 d - 3 potions of mutation
 f - 3 potions of enlightenment
 h - 8 potions of curing
 m - 7 potions of haste
 t - 2 potions of cancellation
 v - a potion of resistance
 z - 4 potions of might

Dungeon Overview and Level Annotations

Branches:
Dungeon (15/15)            Temple (1/1) D:7            Lair (5/5) D:9
  Swamp (0/4) Lair:2        Snake (3/4) Lair:3        Slime (0/5) Lair:4
    Orc (2/2) D:9             Elf (0/3) Orc:2        Vaults (0/5) D:13
 Depths (0/4) D:15          Sewer (visited)

Altars:
Ashenzari
Cheibriados
Dithmenos
Elyvilon
Fedhas
Gozag
Hepliaklqana
Kikubaaqudgha
Makhleb
Nemelex Xobeh
Okawaru
Qazlal
Ru
Sif Muna
Trog
Uskayaw
Vehumet
Wu Jian
Xom
Yredelemnul
Zin
The Shining One
Jiyva
Lugonu

Shops:
Orc:2 *[!(?

Portals:
Abyss: Lair:5

Annotations:
D:5 2 transporters, qw's ghost, novice GrHu
D:8 3 runed translucent doors
Lair:1 exclusion: 2 yaks
Lair:3 exclusion: electric eel


Message History

The mana viper resists.
The naga ritualist seems to slow down.
Your surroundings suddenly seem different.
Something loses its grip on you.
25784 ||| READING 7 scrolls of teleportation.
As you read the scroll of teleportation, it crumbles to dust.
You feel strangely unstable.
You radiate an aura of cold.
The black mamba seems to slow down.
The black mamba completely misses you.
You shoot a bolt. The bolt hits the black mamba!
The black mamba is moderately wounded.
You radiate an aura of cold.
The black mamba seems to slow down.
Your surroundings suddenly seem different.
A mana viper comes into view.
Found 32 gold pieces.
The black mamba hisses angrily.
The naga mage points at the naga and mumbles some strange words.
The naga seems to grow toxic.
The naga warrior spits poison at you. The splash of poison misses you.
25786 |||
Found retreat position at -6,-6 (floor) with 2 blocking monsters and 4 monsters attacking at destination at distance 6
25786 ||| READING 6 scrolls of teleportation.
As you read the scroll of teleportation, it crumbles to dust.
You feel strangely unstable.
The naga warrior is no longer moving slowly.
The salamander is no longer moving slowly.
The guardian serpent coils itself and waves its upper body at you.
The black mamba blinks!
The naga mage blinks!
The naga warrior blinks!
The salamander blinks!
The naga blinks!
The naga warrior blinks!
The mana viper blinks!
The naga blinks!
25787 |||
Found retreat position at -6,-6 (floor) with 2 blocking monsters and 4 monsters attacking at destination at distance 6 You shoot a bolt.
The bolt misses the black mamba.
You radiate an aura of cold.
The naga warrior resists.
The naga mage seems to slow down.
The naga seems to slow down.
The naga warrior seems to slow down.
The black mamba seems to slow down.
The naga seems to slow down.
The mana viper seems to slow down.
The salamander seems to slow down.
The guardian serpent seems to slow down.
You hear a shout!
The black mamba bites you.
You die...

..¤.S.....# .#
....# ..#.#.##
...##
#.#.#..########
...
#..¤...........
...
#.<¤..¤........
...
#.).¤..........
..#
#....S.¤......$
#.
#.....NNN...$..
.#
###¤..N@N......
###.SNS#..###
###..# ..# #...
# #.... #.....
+.....# ##....#


You could see 2 naga warriors, a salamander (slow), a mana viper (slow), a
guardian serpent (slow), a black mamba (slow), a naga mage (fast, slow) and 2
nagas.

Vanquished Creatures
  Rupert (Lair:4)
  2 nagarajas
  An orc warlord (Orc:1)
  An ironbound preserver (D:13)
  Azrael (D:13)
  7 hydras
  A catoblepas (Lair:1)
  An ogre mage (D:14)
  3 salamander tyrants
  5 centaur warriors
  18 anacondas
  A death knight (D:14)
  4 boulder beetles
  8 two-headed ogres
  10 naga sharpshooters
  3 death yaks (Lair:1)
  7 naga warriors
  2 thrashing horrors (Lair:5)
  A deep troll earth mage (D:15)
  3 orc high priests (Orc:2)
  5 shock serpents (Snake:1)
  3 salamander mystics
  A skyshark (Lair:4)
  4 naga ritualists
  2 deep elf pyromancers
  A wizard (D:14)
  A harpy (shapeshifter) (D:15)
  6 mana vipers
  7 orc knights
  A wolf spider (D:12)
  5 orc sorcerers
  13 ugly things
  4 cyclopes (D:14)
  4 manticores
  A faun (shapeshifter) (D:13)
  2 oklob plants (Lair:4)
  6 salamanders
  28 elephants
  2 guardian serpents (Snake:1)
  23 black mambas
  2 smoke demons (Lair:5)
  6 naga magi
  10 cane toads
  3 torpor snails
  A gargoyle (D:12)
  An unseen horror (shapeshifter) (D:14)
  An unseen horror (D:13)
  5 komodo dragons
  2 kobold demonologists
  3 rime drakes
  A freezing wraith (D:15)
  6 yaktaurs
  A yaktaur (shapeshifter) (D:14)
  A tengu conjurer (D:14)
  9 trolls
  A wind drake (shapeshifter) (Lair:5)
  2 hornets (D:8)
  9 polar bears
  A raiju (Lair:5)
  A tyrant leech (Lair:2)
  20 blink frogs
  2 large abominations (Lair:5)
  6 dream sheep
  Sigmund (D:5)
  A jumping spider (shapeshifter) (D:15)
  5 slime creatures
  2 spriggans (Lair:5)
  A spriggan (shapeshifter) (D:13)
  A shadow (D:10)
  3 wraiths
  A yak (shapeshifter) (D:14)
  A ynoxinul (Lair:5)
  A vampire (D:9)
  3 wyverns
  71 yaks
  A basilisk (shapeshifter) (D:12)
  A fire elemental (D:13)
  A chaos spawn (Lair:5)
  8 basilisks
  2 steam dragons
  10 vampire mosquitoes
  A warg (Orc:1)
  An acid dragon (D:11)
  19 nagas
  6 swamp worms (Lair:2)
  20 water moccasins
  3 hell hounds (D:13)
  12 small abominations (Lair:5)
  A black bear (shapeshifter) (D:14)
  6 black bears
  30 orc warriors
  A sky beast (D:7)
  A tengu (shapeshifter) (Lair:5)
  An ice beast (D:7)
  3 wolves (Lair:1)
  7 ogres
  10 centaurs
  2 phantoms
  6 kobold brigands
  A gnoll sergeant (D:8)
  15 bullfrogs
  4 scorpions
  8 wights
  11 killer bees
  3 howler monkeys
  An electric eel (Lair:1)
  3 jellies
  4 hounds
  22 orc priests
  2 gnoll boudas
  A sleepcap (D:7)
  11 hell rats
  9 iguanas
  19 orc wizards
  7 gnolls
  13 adders
  A river rat (Sewer)
  2 shadow imps
  A white imp (D:6)
  A dart slug (D:1)
  62 orcs
  3 endoplasms (D:2)
  6 giant cockroaches
  12 hobgoblins
  4 jackals
  3 quokkas
  8 ball pythons
  4 bats
  7 frilled lizards
  12 goblins
  31 kobolds
  9 rats
837 creatures vanquished.

Vanquished Creatures (others)
  A hydra (D:13)
  A water elemental (D:13)
  2 electric eels (D:13)
4 creatures vanquished.

Grand Total: 841 creatures vanquished

Notes
Turn   | Place    | Note
-------+----------+-------------------------------------------
     0 | D:1      | qw the Gargoyle Hunter began the quest for the Orb.
     0 | D:1      | Reached XP level 1. HP: 12/12 MP: 1/1
     0 | D:1      | 0 ||| qw: Version: 0.3-a-76-g4403597
     0 | D:1      | 0 ||| qw: Game counter: 27
     0 | D:1      | 0 ||| qw: Melee chars always use a shield: true
     0 | D:1      | 0 ||| qw: God list: Okawaru
     0 | D:1      | 0 ||| qw: Allow faded altars: false
     0 | D:1      | 0 ||| qw: Do Orc after clearing Dungeon:15 true
     0 | D:1      | 0 ||| qw: Do second Lair branch before Depths: true
     0 | D:1      | 0 ||| qw: Lair rune preference: random
     0 | D:1      | 0 ||| qw: Goals: Normal
     0 | D:1      | 0 ||| PLANNING D:1-11
    75 | D:1      | Reached XP level 2. HP: 17/17 MP: 2/2
   685 | D:1      | 685 ||| UPGRADING to amulet of faith.
   690 | D:1      | 690 ||| DRINKING 2 dark potions.
   690 | D:1      | Gained mutation: You have hidden genetic potential. [potion
                  | of mutation]
   690 | D:1      | Gained mutation: Your flesh is cold resistant. (rC+)
                  | [potion of mutation]
   690 | D:1      | Gained mutation: Your flesh is heat resistant. (rF+)
                  | [potion of mutation]
   691 | D:1      | 691 ||| DROPPING scroll of butterflies.
   730 | D:2      | Reached XP level 3. HP: 21/21 MP: 3/3
   740 | D:2      | Reached skill level 5 in Ranged Weapons
   999 | D:2      | Gained mutation: You expend magic power (3 MP) to
                  | strengthen your wands. [hidden potential]
  1118 | D:2      | Found an opulent altar of Gozag.
  1388 | D:2      | Reached skill level 3 in Fighting
  1388 | D:2      | Reached XP level 4. HP: 28/28 MP: 4/4
  1535 | D:2      | 1535 ||| UPGRADING to +0 pair of boots.
  1540 | D:2      | 1540 ||| UPGRADING to ring of protection from cold.
  1541 | D:2      | 1541 ||| READING scroll labelled QIMOATSICO.
  1542 | D:2      | 1542 ||| READING scroll labelled XATWOA HOFYN.
  1543 | D:2      | 1543 ||| READING scroll labelled YZXO YDWUOFAEV.
  1565 | D:3      | 1565 ||| PLANNING SEWER
  1595 | D:3      | Identified the +5 scale mail "Eblitt" {Str+2 Int+5}
  1649 | D:3      | Gained mutation: You are partially covered in iridescent
                  | scales. (AC +2) [hidden potential]
  1649 | D:3      | Lost mutation: You have hidden genetic potential. [hidden
                  | potential expressed]
  1676 | D:3      | 1676 ||| RETREATING.
  1687 | D:3      | 1687 ||| Stepping ~*~*~tactically~*~*~ (retreating).
  1695 | D:3      | 1695 ||| FLEEEEING.
  1696 | D:3      | 1696 ||| FLEEEEING.
  1698 | D:3      | 1698 ||| FLEEEEING.
  1699 | D:3      | 1699 ||| FLEEEEING.
  1701 | D:3      | 1701 ||| FLEEEEING.
  1702 | D:3      | 1702 ||| FLEEEEING.
  1703 | D:3      | 1703 ||| FLEEEEING.
  1704 | D:3      | 1704 ||| FLEEEEING.
  1705 | D:3      | 1705 ||| FLEEEEING.
  1706 | D:3      | 1706 ||| FLEEEEING.
  1707 | D:3      | 1707 ||| FLEEEEING.
  1710 | D:3      | 1710 ||| FLEEEEING.
  1711 | D:3      | 1711 ||| FLEEEEING.
  1712 | D:3      | 1712 ||| FLEEEEING.
  1713 | D:3      | 1713 ||| FLEEEEING.
  1714 | D:3      | 1714 ||| STAIRDANCE
  1741 | D:2      | 1741 ||| UPGRADING to +4 ring of protection.
  1742 | D:2      | 1742 ||| READING scroll labelled HECEWO URGHUANN.
  1745 | D:3      | 1745 ||| STAIRDANCE
  1877 | D:3      | Reached XP level 5. HP: 28/32 MP: 5/5
  2160 | D:3      | Found a glowing drain.
  2162 | D:3      | 2162 ||| UPGRADING to +0 helmet.
  2167 | D:3      | 2167 ||| READING scroll labelled QOSCHO YTOUKHLIO.
  2168 | D:3      | 2168 ||| READING scroll labelled YPNOEZ VOOWK.
  2169 | D:3      | 2169 ||| DRINKING 2 smoky amethyst potions.
  2172 | D:3      | 2172 ||| Stepping ~*~*~tactically~*~*~ (water).
  2174 | D:3      | 2174 ||| Stepping ~*~*~tactically~*~*~ (water).
  2176 | D:3      | 2176 ||| Stepping ~*~*~tactically~*~*~ (water).
  2178 | D:3      | 2178 ||| Stepping ~*~*~tactically~*~*~ (water).
  2180 | D:3      | 2180 ||| Stepping ~*~*~tactically~*~*~ (water).
  2188 | Sewer    | Entered a sewer
  2206 | Sewer    | 2206 ||| Stepping ~*~*~tactically~*~*~ (water).
  2233 | Sewer    | Reached skill level 1 in Armour
  2280 | Sewer    | 2280 ||| Stepping ~*~*~tactically~*~*~ (water).
  2296 | Sewer    | 2296 ||| READING scroll of enchant armour.
  2296 | Sewer    | 2296 ||| ENCHANTING +0 helmet.
  2341 | Sewer    | 2341 ||| Stepping ~*~*~tactically~*~*~ (water).
  2373 | Sewer    | Reached skill level 6 in Ranged Weapons
  2446 | Sewer    | 2446 ||| Stepping ~*~*~tactically~*~*~ (water).
  2487 | Sewer    | 2487 ||| Stepping ~*~*~tactically~*~*~ (water).
  2512 | Sewer    | 2512 ||| READING 2 scrolls labelled NAXKEK DECWIS.
  2513 | Sewer    | 2513 ||| READING scroll labelled SEWOAGR CUOTS.
  2517 | Sewer    | 2517 ||| READING scroll labelled FOTO ZAIMU KYIGH.
  2518 | Sewer    | 2518 ||| READING scroll labelled QEVEUR IPNOU.
  2519 | Sewer    | 2519 ||| DROPPING scroll of revelation.
  2553 | D:3      | 2553 ||| PLANNING D:1-11
  2827 | D:4      | Reached XP level 6. HP: 38/38 MP: 6/6
  3049 | D:4      | Reached skill level 7 in Ranged Weapons
  3121 | D:4      | Reached XP level 7. HP: 39/43 MP: 7/7
  3413 | D:4      | Reached skill level 8 in Ranged Weapons
  3513 | D:4      | 3513 ||| UPGRADING to +0 pair of gloves.
  3518 | D:4      | 3518 ||| UPGRADING to +0 ring mail.
  3528 | D:4      | 3528 ||| DROPPING +0 leather armour.
  3545 | D:5      | Entered Level 5 of the Dungeon
  3555 | D:5      | Noticed Sigmund
  3556 | D:5      | 3556 ||| RETREATING.
  3571 | D:5      | Killed Sigmund
  3572 | D:5      | Reached XP level 8. HP: 44/50 MP: 8/8
  3575 | D:5      | 3575 ||| FLEEEEING.
  4050 | D:5      | Reached skill level 9 in Ranged Weapons
  4127 | D:5      | Reached skill level 3 in Armour
  4404 | D:5      | Reached skill level 6 in Fighting
  4507 | D:5      | Found a shimmering altar of Xom.
  4579 | D:5      | Found a transporter.
  4580 | D:5      | Noticed qw's ghost (novice GrHu)
  4580 | D:5      | Identified the +2 great mace of the World {venom, rN+ Int+2
                  | Dex+2}
  4585 | D:5      | Found a transporter.
  4596 | D:5      | 4596 ||| UPGRADING to +2 robe of fire resistance.
  4606 | D:5      | 4606 ||| DROPPING +0 ring mail.
  4607 | D:5      | 4607 ||| DRINKING 2 sedimented dark potions.
  4608 | D:5      | 4608 ||| READING 2 scrolls of identify.
  4608 | D:5      | 4608 ||| IDENTIFYING murky pink potion
  4609 | D:5      | 4609 ||| DROPPING potion of magic.
  4720 | D:6      | 4720 ||| READING 3 scrolls of enchant weapon.
  4720 | D:6      | 4720 ||| ENCHANTING +1 shortbow.
  4721 | D:6      | 4721 ||| READING 2 scrolls of enchant weapon.
  4721 | D:6      | 4721 ||| ENCHANTING +2 shortbow.
  4722 | D:6      | 4722 ||| READING scroll of enchant weapon.
  4722 | D:6      | 4722 ||| ENCHANTING +3 shortbow.
  4918 | D:6      | Reached skill level 10 in Ranged Weapons
  4918 | D:6      | Reached XP level 9. HP: 55/55 MP: 9/9
  5102 | D:6      | 5102 ||| UPGRADING to +2 robe of resistance.
  5112 | D:6      | 5112 ||| DROPPING +2 robe of fire resistance.
  5143 | D:7      | Reached skill level 3 in Dodging
  5240 | D:7      | You fall into a shaft and drop 2 floors!
  5468 | D:9      | Noticed a troll
  5481 | D:9      | Killed a troll
  5564 | D:8      | 5564 ||| DRINKING 2 viscous white potions.
  5565 | D:8      | 5565 ||| DROPPING potion of attraction.
  5605 | D:7      | 5605 ||| Stepping ~*~*~tactically~*~*~ (outnumbered).
  5618 | D:7      | Reached skill level 11 in Ranged Weapons
  5628 | D:7      | 5628 ||| Stepping ~*~*~tactically~*~*~ (outnumbered).
  5659 | D:7      | 5659 ||| SWAPPING to +2 heavy orcbow.
  5660 | D:7      | 5660 ||| DROPPING +0 orcbow.
  5661 | D:7      | 5661 ||| DROPPING +4 shortbow.
  5729 | D:7      | Found a staircase to the Ecumenical Temple.
  5730 | D:7      | 5730 ||| PLANNING TEMPLE
  5740 | Temple   | Entered the Ecumenical Temple
  5741 | Temple   | 5741 ||| PLANNING OKAWARU WORSHIP
  5749 | Temple   | Became a worshipper of Warmaster Okawaru
  5750 | Temple   | 5750 ||| PLANNING D:1-11
  5922 | D:7      | Reached XP level 10. HP: 64/64 MP: 10/10
  5930 | D:7      | Reached * piety under Okawaru
  5952 | D:7      | 5952 ||| INVOKING Heroism.
  5985 | D:7      | Noticed a green ugly thing
  5992 | D:7      | Reached skill level 12 in Ranged Weapons
  5992 | D:7      | 5992 ||| INVOKING Heroism.
  5995 | D:7      | Killed a green ugly thing
  6118 | D:7      | 6118 ||| SWAPPING to +0 arbalest of draining.
  6186 | D:7      | Found an ancient bone altar of Kikubaaqudgha.
  6231 | D:7      | Found a basalt altar of Yredelemnul.
  6233 | D:7      | Reached skill level 1 in Invocations
  6261 | D:7      | Found a sacrificial altar of Ru.
  6401 | D:7      | 6401 ||| DROPPING +0 pair of gloves of hurling.
  6402 | D:7      | 6402 ||| DRINKING 2 orange potions.
  6403 | D:7      | 6403 ||| DRINKING 3 potions of curing.
  6403 | D:7      | 6403 ||| (to cure confusion)
  6404 | D:7      | 6404 ||| READING 2 scrolls of identify.
  6404 | D:7      | 6404 ||| IDENTIFYING murky sapphire potion
  6405 | D:7      | 6405 ||| DROPPING potion of ambrosia.
  6491 | D:8      | Found a snail-covered altar of Cheibriados.
  6552 | D:8      | Noticed a two-headed ogre
  6553 | D:8      | 6553 ||| Stepping ~*~*~tactically~*~*~ (retreating).
  6554 | D:8      | 6554 ||| INVOKING Heroism.
  6555 | D:8      | 6555 ||| Stepping ~*~*~tactically~*~*~ (retreating).
  6556 | D:8      | 6556 ||| RETREATING.
  6560 | D:8      | 6560 ||| Stepping ~*~*~tactically~*~*~ (retreating).
  6566 | D:8      | Killed a two-headed ogre
  6566 | D:8      | Reached ** piety under Okawaru
  6567 | D:8      | Reached skill level 3 in Invocations
  6568 | D:8      | 6568 ||| INVOKING Heroism.
  6588 | D:8      | 6588 ||| INVOKING Heroism.
  6602 | D:8      | 6602 ||| Stepping ~*~*~tactically~*~*~ (outnumbered).
  6616 | D:8      | 6616 ||| INVOKING Heroism.
  6941 | D:8      | 6941 ||| INVOKING Heroism.
  6968 | D:8      | 6968 ||| INVOKING Heroism.
  6971 | D:8      | Reached skill level 13 in Ranged Weapons
  7255 | D:8      | 7255 ||| RETREATING.
  7257 | D:8      | Found a runed translucent gate.
  7257 | D:8      | Found a runed translucent gate.
  7257 | D:8      | Found a runed translucent gate.
  7258 | D:8      | 7258 ||| Stepping ~*~*~tactically~*~*~ (retreating).
  7259 | D:8      | 7259 ||| Stepping ~*~*~tactically~*~*~ (retreating).
  7259 | D:8      | Noticed a green ugly thing
  7260 | D:8      | Noticed a red ugly thing
  7261 | D:8      | Noticed a cyan ugly thing
  7262 | D:8      | Noticed a red ugly thing
  7262 | D:8      | Noticed a green ugly thing
  7263 | D:8      | Noticed a glowing orange brain
  7407 | D:8      | Found a shadowy altar of Dithmenos.
  7562 | D:8      | 7562 ||| READING 3 scrolls labelled UPERCH HADA.
  7562 | D:8      | Identified 3 scrolls of acquirement
  7562 | D:8      | 7562 ||| ACQUIRING +4 longbow of draining
  7562 | D:8      | Acquired a +4 longbow of draining
  7564 | D:8      | 7564 ||| SWAPPING to +4 longbow of draining.
  7565 | D:8      | 7565 ||| DROPPING +2 heavy orcbow.
  7566 | D:8      | 7566 ||| DROPPING +0 arbalest of draining.
  7567 | D:8      | 7567 ||| READING 2 scrolls of acquirement.
  7567 | D:8      | 7567 ||| ACQUIRING +6 hand cannon of Strategic Superiority
                  | {elec, rF+++ Will- Str+4}
  7567 | D:8      | Acquired the +6 hand cannon of Strategic Superiority {elec,
                  | rF+++ Will- Str+4}
  7568 | D:8      | 7568 ||| READING scroll of acquirement.
  7568 | D:8      | 7568 ||| ACQUIRING +3 triple crossbow of flaming
  7568 | D:8      | Acquired a +3 triple crossbow of flaming
  7570 | D:8      | 7570 ||| SWAPPING to +3 triple crossbow of flaming.
  7571 | D:8      | 7571 ||| DROPPING +4 longbow of draining.
  7572 | D:8      | 7572 ||| READING scroll labelled KYSAFI TUODGHOF.
  7573 | D:8      | 7573 ||| READING scroll labelled MOHIRI YMOEDURR.
  7712 | D:9      | 7712 ||| STAIRDANCE
  7719 | D:8      | 7719 ||| INVOKING Heroism.
  7722 | D:8      | Reached skill level 9 in Fighting
  7868 | D:9      | 7868 ||| STAIRDANCE
  7872 | D:8      | Reached XP level 11. HP: 71/71 MP: 14/14
  7944 | D:9      | 7944 ||| STAIRDANCE
  8029 | D:9      | 8029 ||| STAIRDANCE
  8144 | D:9      | 8144 ||| STAIRDANCE
  8149 | D:8      | Reached *** piety under Okawaru
  8263 | D:9      | 8263 ||| Stepping ~*~*~tactically~*~*~ (retreating).
  8264 | D:9      | 8264 ||| Stepping ~*~*~tactically~*~*~ (retreating).
  8266 | D:9      | 8266 ||| Stepping ~*~*~tactically~*~*~ (retreating).
  8269 | D:9      | 8269 ||| Stepping ~*~*~tactically~*~*~ (outnumbered).
  8323 | D:9      | 8323 ||| RETREATING.
  8325 | D:9      | 8325 ||| RETREATING.
  8336 | D:9      | 8336 ||| INVOKING Heroism.
  8364 | D:9      | Reached skill level 14 in Ranged Weapons
  8426 | D:9      | Found a staircase to the Orcish Mines.
  8448 | D:9      | Found a staircase to the Lair.
  8582 | D:9      | Reached **** piety under Okawaru
  9017 | D:9      | 9017 ||| PLANNING LAIR
  9017 | D:9      | 9017 ||| DROPPING scarf of shadows.
  9018 | D:9      | 9018 ||| READING scroll labelled YSIDOF XUFIGA.
  9019 | D:9      | 9019 ||| DRINKING 2 inky potions.
  9020 | D:9      | 9020 ||| DROPPING potion of degeneration.
  9055 | Lair:1   | Entered Level 1 of the Lair of Beasts
  9131 | Lair:1   | 9131 ||| INVOKING Heroism.
  9225 | Lair:1   | 9225 ||| INVOKING Heroism.
  9281 | Lair:1   | 9281 ||| INVOKING Heroism.
  9291 | Lair:1   | 9291 ||| RETREATING.
  9298 | Lair:1   | 9298 ||| FLEEEEING.
  9299 | Lair:1   | 9299 ||| FLEEEEING.
  9395 | Lair:1   | 9395 ||| RETREATING.
  9397 | Lair:1   | Reached skill level 6 in Invocations
  9407 | Lair:1   | 9407 ||| FLEEEEING.
  9412 | Lair:1   | 9412 ||| FLEEEEING.
  9420 | Lair:1   | Reached ***** piety under Okawaru
  9425 | Lair:1   | 9425 ||| INVOKING Heroism.
  9433 | Lair:1   | HP: 15/72 [elephant (4)]
  9434 | Lair:1   | 9434 ||| READING 7 scrolls of teleportation.
  9457 | Lair:1   | 9457 ||| INVOKING Heroism.
  9485 | Lair:1   | 9485 ||| INVOKING Heroism.
  9508 | Lair:1   | Reached XP level 12. HP: 39/77 MP: 17/17
  9510 | Lair:1   | Received a gift from Okawaru
  9637 | Lair:1   | 9637 ||| Stepping ~*~*~tactically~*~*~ (retreating).
  9638 | Lair:1   | 9638 ||| Stepping ~*~*~tactically~*~*~ (retreating).
  9639 | Lair:1   | 9639 ||| Stepping ~*~*~tactically~*~*~ (retreating).
  9650 | Lair:1   | Identified the +4 ring mail of Gravity {rN+ Str+6 Dex-4}
                  | (Okawaru gifted it to you on level 1 of the Lair of Beasts)
  9650 | Lair:1   | Received a gift from Okawaru
  9678 | Lair:1   | 9678 ||| FLEEEEING.
  9681 | Lair:1   | 9681 ||| FLEEEEING.
  9691 | Lair:1   | 9691 ||| FLEEEEING.
  9692 | Lair:1   | 9692 ||| INVOKING Heroism.
  9696 | Lair:1   | 9696 ||| Stepping ~*~*~tactically~*~*~ (retreating).
  9697 | Lair:1   | 9697 ||| Stepping ~*~*~tactically~*~*~ (retreating).
  9698 | Lair:1   | 9698 ||| Stepping ~*~*~tactically~*~*~ (retreating).
  9699 | Lair:1   | 9699 ||| Stepping ~*~*~tactically~*~*~ (retreating).
  9793 | Lair:1   | Noticed a catoblepas
  9794 | Lair:1   | 9794 ||| INVOKING Heroism.
  9795 | Lair:1   | 9795 ||| INVOKING Finesse.
  9799 | Lair:1   | 9799 ||| RETREATING.
  9806 | Lair:1   | Killed a catoblepas
  9807 | Lair:1   | Reached skill level 15 in Ranged Weapons
  9866 | Lair:1   | Noticed a death yak
  9867 | Lair:1   | 9867 ||| INVOKING Heroism.
  9868 | Lair:1   | 9868 ||| INVOKING Finesse.
  9869 | Lair:1   | 9869 ||| Stepping ~*~*~tactically~*~*~ (retreating).
  9870 | Lair:1   | 9870 ||| Stepping ~*~*~tactically~*~*~ (retreating).
  9873 | Lair:1   | Killed a death yak
  9874 | Lair:1   | Reached skill level 9 in Invocations
  9915 | Lair:1   | Noticed a death yak
  9916 | Lair:1   | 9916 ||| RETREATING.
  9925 | Lair:1   | 9925 ||| Stepping ~*~*~tactically~*~*~ (retreating).
  9927 | Lair:1   | 9927 ||| Stepping ~*~*~tactically~*~*~ (retreating).
  9928 | Lair:1   | 9928 ||| INVOKING Heroism.
  9932 | Lair:1   | Killed a death yak
  9955 | Lair:1   | Noticed a death yak
  9956 | Lair:1   | 9956 ||| INVOKING Heroism.
  9958 | Lair:1   | 9958 ||| RETREATING.
  9961 | Lair:1   | 9961 ||| Stepping ~*~*~tactically~*~*~ (retreating).
  9964 | Lair:1   | Killed a death yak
  9990 | Lair:1   | 9990 ||| DROPPING +4 ring mail of Gravity {rN+ Str+6
                  | Dex-4}.
 10011 | Lair:1   | 10011 ||| FLEEEEING.
 10012 | Lair:1   | 10012 ||| FLEEEEING.
 10013 | Lair:1   | 10013 ||| FLEEEEING.
 10014 | Lair:1   | 10014 ||| FLEEEEING.
 10015 | Lair:1   | 10015 ||| FLEEEEING.
 10016 | Lair:1   | 10016 ||| FLEEEEING.
 10017 | Lair:1   | 10017 ||| FLEEEEING.
 10018 | Lair:1   | 10018 ||| FLEEEEING.
 10019 | Lair:1   | 10019 ||| FLEEEEING.
 10020 | Lair:1   | 10020 ||| FLEEEEING.
 10021 | Lair:1   | 10021 ||| FLEEEEING.
 10022 | Lair:1   | 10022 ||| FLEEEEING.
 10029 | Lair:1   | Reached skill level 16 in Ranged Weapons
 10224 | Lair:1   | Reached XP level 13. HP: 83/83 MP: 20/20
 10605 | Lair:1   | 10605 ||| READING 2 scrolls of identify.
 10605 | Lair:1   | 10605 ||| IDENTIFYING smoky pink potion
 10606 | Lair:1   | 10606 ||| DROPPING potion of brilliance.
 10686 | Lair:2   | 10686 ||| INVOKING Heroism.
 10702 | Lair:2   | 10702 ||| Stepping ~*~*~tactically~*~*~ (outnumbered).
 10711 | Lair:2   | Received a gift from Okawaru
 10752 | Lair:2   | 10752 ||| INVOKING Heroism.
 10791 | Lair:2   | 10791 ||| INVOKING Heroism.
 11033 | Lair:2   | 11033 ||| RETREATING.
 11048 | Lair:2   | 11048 ||| INVOKING Heroism.
 11365 | Lair:2   | 11365 ||| INVOKING Heroism.
 11453 | Lair:2   | 11453 ||| Stepping ~*~*~tactically~*~*~ (water).
 11455 | Lair:2   | 11455 ||| INVOKING Heroism.
 11457 | Lair:2   | 11457 ||| RETREATING.
 11493 | Lair:2   | 11493 ||| INVOKING Heroism.
 11516 | Lair:2   | Identified the +1 robe "Fizxixot" {Int+2 Slay+5} (Okawaru
                  | gifted it to you on level 2 of the Lair of Beasts)
 11516 | Lair:2   | Received a gift from Okawaru
 11522 | Lair:2   | Found a staircase to the Swamp.
 11591 | Lair:2   | 11591 ||| UPGRADING to +1 robe "Fizxixot" {Int+2 Slay+5}.
 11601 | Lair:2   | 11601 ||| SWAPPING to +6 hand cannon of Strategic
                  | Superiority {elec, rF+++ Will- Str+4}.
 11602 | Lair:2   | 11602 ||| DROPPING +0 steam dragon scales.
 11603 | Lair:2   | 11603 ||| DRINKING 3 purple potions.
 11629 | Lair:3   | 11629 ||| STAIRDANCE
 11664 | Lair:3   | 11664 ||| STAIRDANCE
 11669 | Lair:3   | 11669 ||| STAIRDANCE
 11672 | Lair:2   | Reached skill level 17 in Ranged Weapons
 11681 | Lair:3   | Found a staircase to the Snake Pit.
 11707 | Lair:3   | 11707 ||| INVOKING Heroism.
 11709 | Lair:3   | 11709 ||| RETREATING.
 11710 | Lair:3   | 11710 ||| Stepping ~*~*~tactically~*~*~ (retreating).
 11825 | Lair:3   | Reached skill level 6 in Dodging
 11898 | Lair:3   | 11898 ||| RETREATING.
 11935 | Lair:3   | 11935 ||| INVOKING Heroism.
 12202 | Lair:3   | 12202 ||| Stepping ~*~*~tactically~*~*~ (outnumbered).
 12203 | Lair:3   | 12203 ||| INVOKING Heroism.
 12215 | Lair:3   | 12215 ||| Stepping ~*~*~tactically~*~*~ (retreating).
 12411 | Lair:3   | 12411 ||| READING scroll labelled XIENAC LAMIES.
 12528 | Lair:3   | 12528 ||| INVOKING Heroism.
 12748 | Lair:4   | 12748 ||| RETREATING.
 12766 | Lair:4   | Reached skill level 18 in Ranged Weapons
 12773 | Lair:4   | Noticed Rupert
 12774 | Lair:4   | 12774 ||| INVOKING Heroism.
 12775 | Lair:4   | 12775 ||| INVOKING Finesse.
 12780 | Lair:4   | Gained mutation: Your large and strong wings let you fly.
                  | [Gargoyle growth]
 12780 | Lair:4   | Reached XP level 14. HP: 89/90 MP: 13/21
 12789 | Lair:4   | HP: 10/90 [Rupert/+1 great mace of holy wrath (23)]
 12790 | Lair:4   | 12790 ||| READING 8 scrolls of teleportation.
 12791 | Lair:4   | 12791 ||| DRINKING 3 potions of heal wounds.
 12794 | Lair:4   | 12794 ||| DRINKING 2 potions of heal wounds.
 12795 | Lair:4   | Killed Rupert
 12886 | Lair:4   | 12886 ||| INVOKING Heroism.
 12891 | Lair:4   | Reached skill level 12 in Fighting
 13044 | Lair:4   | Received a gift from Okawaru
 13054 | Lair:4   | 13054 ||| INVOKING Heroism.
 13190 | Lair:4   | Found a viscous altar of Jiyva.
 13193 | Lair:4   | Found a staircase to the Slime Pits.
 13195 | Lair:4   | 13195 ||| INVOKING Heroism.
 13196 | Lair:4   | 13196 ||| INVOKING Finesse.
 13270 | Lair:4   | 13270 ||| READING scroll of enchant armour.
 13270 | Lair:4   | 13270 ||| ENCHANTING +0 pair of gloves.
 13332 | Lair:4   | Identified the +8 shortbow "Docoss" {antimagic, rCorr}
                  | (Okawaru gifted it to you on level 4 of the Lair of Beasts)
 13332 | Lair:4   | Received a gift from Okawaru
 13492 | Lair:4   | Found a shadowy altar of Dithmenos.
 13967 | Lair:5   | Entered Level 5 of the Lair of Beasts
 13993 | Lair:5   | 13993 ||| INVOKING Heroism.
 14014 | Lair:5   | Identified the +9 dagger of Charity {drain, Fly Dex+4}
 14138 | Lair:5   | Reached skill level 19 in Ranged Weapons
 14151 | Lair:5   | 14151 ||| RETREATING.
 14157 | Lair:5   | 14157 ||| Stepping ~*~*~tactically~*~*~ (retreating).
 14158 | Lair:5   | 14158 ||| Stepping ~*~*~tactically~*~*~ (retreating).
 14159 | Lair:5   | 14159 ||| Stepping ~*~*~tactically~*~*~ (retreating).
 14160 | Lair:5   | 14160 ||| Stepping ~*~*~tactically~*~*~ (retreating).
 14161 | Lair:5   | 14161 ||| Stepping ~*~*~tactically~*~*~ (retreating).
 14162 | Lair:5   | 14162 ||| Stepping ~*~*~tactically~*~*~ (retreating).
 14163 | Lair:5   | 14163 ||| INVOKING Heroism.
 14197 | Lair:5   | HP: 23/92 [basilisk (8)]
 14198 | Lair:5   | 14198 ||| READING 7 scrolls of teleportation.
 14199 | Lair:5   | 14199 ||| DRINKING potion of heal wounds.
 14482 | Lair:5   | 14482 ||| RETREATING.
 14897 | Lair:5   | Received a gift from Okawaru
 14915 | Lair:5   | 14915 ||| Stepping ~*~*~tactically~*~*~ (outnumbered).
 14935 | Lair:5   | 14935 ||| FLEEEEING.
 14936 | Lair:5   | 14936 ||| FLEEEEING.
 14988 | Lair:5   | 14988 ||| RETREATING.
 14994 | Lair:5   | 14994 ||| Stepping ~*~*~tactically~*~*~ (retreating).
 14995 | Lair:5   | 14995 ||| Stepping ~*~*~tactically~*~*~ (retreating).
 14996 | Lair:5   | 14996 ||| Stepping ~*~*~tactically~*~*~ (retreating).
 14997 | Lair:5   | 14997 ||| Stepping ~*~*~tactically~*~*~ (retreating).
 14998 | Lair:5   | 14998 ||| Stepping ~*~*~tactically~*~*~ (retreating).
 15005 | Lair:5   | 15005 ||| INVOKING Heroism.
 15181 | Lair:5   | Found a corrupted altar of Lugonu.
 15181 | Lair:5   | Found a one-way gate to the infinite horrors of the Abyss.
 15186 | Lair:5   | Identified the +4 scale mail of Leaves {rCorr}
 15341 | Lair:5   | 15341 ||| PLANNING D:1-11
 15341 | Lair:5   | 15341 ||| DROPPING +1 helmet.
 15342 | Lair:5   | 15342 ||| DROPPING +3 leather armour.
 15343 | Lair:5   | 15343 ||| READING 3 scrolls labelled VUMMIL FIFALL.
 15399 | Lair:5   | 15399 ||| READING 2 scrolls of identify.
 15399 | Lair:5   | 15399 ||| IDENTIFYING silvery potion
 15400 | Lair:5   | 15400 ||| DROPPING potion of invisibility.
 15401 | Lair:5   | 15401 ||| DROPPING 2 scrolls of torment.
 15542 | D:10     | Entered Level 10 of the Dungeon
 15543 | D:10     | 15543 ||| STAIRDANCE
 15549 | D:10     | 15549 ||| STAIRDANCE
 15554 | D:10     | 15554 ||| STAIRDANCE
 15561 | D:10     | 15561 ||| STAIRDANCE
 15563 | D:9      | 15563 ||| DRINKING 4 potions of curing.
 15563 | D:9      | 15563 ||| (to cure confusion)
 15566 | D:10     | 15566 ||| STAIRDANCE
 15568 | D:9      | 15568 ||| DRINKING 3 potions of curing.
 15568 | D:9      | 15568 ||| (to cure confusion)
 15572 | D:10     | 15572 ||| STAIRDANCE
 15636 | D:10     | 15636 ||| STAIRDANCE
 16634 | D:11     | 16634 ||| INVOKING Heroism.
 16635 | D:11     | 16635 ||| STAIRDANCE
 16637 | D:10     | 16637 ||| INVOKING Finesse.
 16974 | D:11     | 16974 ||| RETREATING.
 16975 | D:11     | 16975 ||| Stepping ~*~*~tactically~*~*~ (retreating).
 16982 | D:11     | Reached XP level 15. HP: 98/98 MP: 22/22
 17013 | D:11     | Identified the +0 cloak of Hubris {Rampage rElec Slay+3}
                  | (Okawaru gifted it to you on level 11 of the Dungeon)
 17013 | D:11     | Received a gift from Okawaru
 17272 | D:11     | 17272 ||| PLANNING D
 17272 | D:11     | 17272 ||| UPGRADING to +0 cloak of Hubris {Rampage rElec
                  | Slay+3}.
 17921 | D:12     | 17921 ||| DRINKING 2 ruby potions.
 17922 | D:12     | 17922 ||| DRINKING 2 murky emerald potions.
 17945 | D:13     | 17945 ||| STAIRDANCE
 18102 | D:13     | Found a gate to the Vaults.
 18108 | D:13     | 18108 ||| Stepping ~*~*~tactically~*~*~ (retreating).
 18109 | D:13     | 18109 ||| Stepping ~*~*~tactically~*~*~ (retreating).
 18110 | D:13     | 18110 ||| Stepping ~*~*~tactically~*~*~ (retreating).
 18111 | D:13     | 18111 ||| Stepping ~*~*~tactically~*~*~ (retreating).
 18112 | D:13     | 18112 ||| Stepping ~*~*~tactically~*~*~ (retreating).
 18113 | D:13     | 18113 ||| Stepping ~*~*~tactically~*~*~ (retreating).
 18114 | D:13     | 18114 ||| Stepping ~*~*~tactically~*~*~ (retreating).
 18115 | D:13     | 18115 ||| Stepping ~*~*~tactically~*~*~ (retreating).
 18246 | D:13     | 18246 ||| Stepping randomly (disturbance).
 18247 | D:13     | 18247 ||| Stepping randomly (disturbance).
 18248 | D:13     | 18248 ||| Stepping randomly (disturbance).
 18249 | D:13     | 18249 ||| Stepping randomly (disturbance).
 18250 | D:13     | 18250 ||| Stepping randomly (disturbance).
 18268 | D:13     | 18268 ||| Stepping ~*~*~tactically~*~*~ (outnumbered).
 18270 | D:13     | 18270 ||| Stepping ~*~*~tactically~*~*~ (outnumbered).
 18272 | D:13     | 18272 ||| Stepping ~*~*~tactically~*~*~ (outnumbered).
 18350 | D:13     | Noticed Azrael
 18351 | D:13     | 18351 ||| Stepping ~*~*~tactically~*~*~ (retreating).
 18352 | D:13     | 18352 ||| INVOKING Heroism.
 18353 | D:13     | 18353 ||| Stepping ~*~*~tactically~*~*~ (retreating).
 18354 | D:13     | 18354 ||| Stepping ~*~*~tactically~*~*~ (retreating).
 18355 | D:13     | 18355 ||| Stepping ~*~*~tactically~*~*~ (retreating).
 18356 | D:13     | 18356 ||| RETREATING.
 18357 | D:13     | 18357 ||| Stepping ~*~*~tactically~*~*~ (retreating).
 18358 | D:13     | 18358 ||| Stepping ~*~*~tactically~*~*~ (retreating).
 18359 | D:13     | 18359 ||| INVOKING Finesse.
 18360 | D:13     | 18360 ||| Stepping ~*~*~tactically~*~*~ (retreating).
 18361 | D:13     | 18361 ||| Stepping ~*~*~tactically~*~*~ (retreating).
 18362 | D:13     | 18362 ||| Stepping ~*~*~tactically~*~*~ (retreating).
 18365 | D:13     | 18365 ||| Stepping ~*~*~tactically~*~*~ (outnumbered).
 18368 | D:13     | Killed Azrael
 18369 | D:13     | Reached skill level 20 in Ranged Weapons
 18370 | D:13     | 18370 ||| Stepping ~*~*~tactically~*~*~ (outnumbered).
 18612 | D:13     | 18612 ||| Stepping ~*~*~tactically~*~*~ (retreating).
 18613 | D:13     | 18613 ||| Stepping ~*~*~tactically~*~*~ (retreating).
 19078 | D:14     | Reached skill level 6 in Armour
 19246 | D:14     | 19246 ||| Stepping ~*~*~tactically~*~*~ (outnumbered).
 19332 | D:14     | 19332 ||| Stepping ~*~*~tactically~*~*~ (retreating).
 19333 | D:14     | Identified the +0 robe "Izuostu" {rC+} (Okawaru gifted it
                  | to you on level 14 of the Dungeon)
 19333 | D:14     | Received a gift from Okawaru
 19334 | D:14     | 19334 ||| INVOKING Heroism.
 19336 | D:14     | 19336 ||| Stepping ~*~*~tactically~*~*~ (retreating).
 19338 | D:14     | 19338 ||| Stepping ~*~*~tactically~*~*~ (retreating).
 19339 | D:14     | 19339 ||| Stepping ~*~*~tactically~*~*~ (retreating).
 19340 | D:14     | 19340 ||| Stepping ~*~*~tactically~*~*~ (retreating).
 19401 | D:14     | 19401 ||| Stepping randomly (disturbance).
 19402 | D:14     | 19402 ||| Stepping randomly (disturbance).
 19403 | D:14     | 19403 ||| Stepping randomly (disturbance).
 19451 | D:14     | 19451 ||| INVOKING Finesse.
 19833 | D:14     | Identified the staff of Terror {rElec Will+ rCorr Dex+3
                  | Air}
 19834 | D:14     | 19834 ||| INVOKING Heroism.
 19926 | D:14     | 19926 ||| DROPPING +0 robe "Izuostu" {rC+}.
 19927 | D:14     | 19927 ||| DROPPING +0 cloak of willpower.
 19928 | D:14     | 19928 ||| DRINKING 2 sapphire potions.
 19968 | D:15     | Entered Level 15 of the Dungeon
 19969 | D:15     | 19969 ||| STAIRDANCE
 19973 | D:15     | 19973 ||| STAIRDANCE
 19979 | D:15     | 19979 ||| STAIRDANCE
 19988 | D:15     | 19988 ||| STAIRDANCE
 19993 | D:14     | 19993 ||| INVOKING Heroism.
 20308 | D:15     | 20308 ||| Stepping ~*~*~tactically~*~*~ (outnumbered).
 20310 | D:15     | 20310 ||| Stepping ~*~*~tactically~*~*~ (outnumbered).
 20312 | D:15     | 20312 ||| Stepping ~*~*~tactically~*~*~ (outnumbered).
 20314 | D:15     | 20314 ||| FLEEEEING.
 20323 | D:15     | 20323 ||| FLEEEEING.
 20324 | D:15     | 20324 ||| FLEEEEING.
 20325 | D:15     | 20325 ||| FLEEEEING.
 20326 | D:15     | 20326 ||| FLEEEEING.
 20327 | D:15     | 20327 ||| FLEEEEING.
 20328 | D:15     | 20328 ||| FLEEEEING.
 20329 | D:15     | 20329 ||| FLEEEEING.
 20335 | D:15     | 20335 ||| FLEEEEING.
 20336 | D:15     | 20336 ||| FLEEEEING.
 20337 | D:15     | 20337 ||| FLEEEEING.
 20338 | D:15     | 20338 ||| FLEEEEING.
 20339 | D:15     | 20339 ||| FLEEEEING.
 20340 | D:15     | 20340 ||| FLEEEEING.
 20349 | D:15     | 20349 ||| FLEEEEING.
 20350 | D:15     | 20350 ||| STAIRDANCE
 20479 | D:15     | 20479 ||| INVOKING Heroism.
 20921 | D:15     | Found a staircase to the Depths.
 20923 | D:15     | 20923 ||| Stepping ~*~*~tactically~*~*~ (outnumbered).
 20925 | D:15     | Reached XP level 16. HP: 106/106 MP: 23/23
 20934 | D:15     | Reached skill level 21 in Ranged Weapons
 21111 | D:15     | 21111 ||| PLANNING ORC
 21260 | Orc:1    | Entered Level 1 of the Orcish Mines
 21283 | Orc:1    | 21283 ||| Stepping ~*~*~tactically~*~*~ (outnumbered).
 21284 | Orc:1    | 21284 ||| Stepping ~*~*~tactically~*~*~ (outnumbered).
 21286 | Orc:1    | 21286 ||| Stepping ~*~*~tactically~*~*~ (outnumbered).
 21287 | Orc:1    | 21287 ||| Stepping ~*~*~tactically~*~*~ (outnumbered).
 21288 | Orc:1    | 21288 ||| Stepping ~*~*~tactically~*~*~ (outnumbered).
 21289 | Orc:1    | 21289 ||| Stepping ~*~*~tactically~*~*~ (outnumbered).
 21540 | Orc:2    | Entered Level 2 of the Orcish Mines
 21543 | Orc:2    | 21543 ||| STAIRDANCE
 21550 | Orc:2    | 21550 ||| STAIRDANCE
 21557 | Orc:2    | 21557 ||| STAIRDANCE
 21562 | Orc:2    | 21562 ||| STAIRDANCE
 21564 | Orc:1    | 21564 ||| INVOKING Heroism.
 21677 | Orc:2    | 21677 ||| STAIRDANCE
 21679 | Orc:1    | 21679 ||| INVOKING Heroism.
 21694 | Orc:2    | 21694 ||| STAIRDANCE
 21798 | Orc:2    | 21798 ||| INVOKING Heroism.
 21818 | Orc:2    | 21818 ||| RETREATING.
 21839 | Orc:2    | 21839 ||| INVOKING Heroism.
 21843 | Orc:2    | 21843 ||| Stepping ~*~*~tactically~*~*~ (retreating).
 21844 | Orc:2    | 21844 ||| Stepping ~*~*~tactically~*~*~ (retreating).
 21845 | Orc:2    | 21845 ||| Stepping ~*~*~tactically~*~*~ (retreating).
 21846 | Orc:2    | 21846 ||| Stepping ~*~*~tactically~*~*~ (retreating).
 21847 | Orc:2    | 21847 ||| Stepping ~*~*~tactically~*~*~ (retreating).
 22027 | Orc:2    | Found Paekom's General Store.
 22034 | Orc:2    | 22034 ||| BUYING scroll of enchant weapon (120 gold).
 22034 | Orc:2    | Bought a scroll of enchant weapon for 120 gold pieces
 22034 | Orc:2    | 22034 ||| BUYING scroll of enchant weapon (120 gold).
 22034 | Orc:2    | Bought a scroll of enchant weapon for 120 gold pieces
 22034 | Orc:2    | 22034 ||| BUYING scroll of identify (32 gold).
 22034 | Orc:2    | Bought a scroll of identify for 32 gold pieces
 22034 | Orc:2    | 22034 ||| BUYING scroll of identify (32 gold).
 22034 | Orc:2    | Bought a scroll of identify for 32 gold pieces
 22034 | Orc:2    | 22034 ||| BUYING wand of digging (6) (403 gold).
 22034 | Orc:2    | Bought a wand of digging (6) for 403 gold pieces
 22069 | Orc:2    | 22069 ||| FLEEEEING.
 22072 | Orc:2    | 22072 ||| FLEEEEING.
 22073 | Orc:2    | 22073 ||| FLEEEEING.
 22153 | Orc:1    | 22153 ||| RETREATING.
 22156 | Orc:1    | 22156 ||| INVOKING Heroism.
 22160 | Orc:1    | 22160 ||| INVOKING Finesse.
 22165 | Orc:1    | 22165 ||| Stepping ~*~*~tactically~*~*~ (retreating).
 22167 | Orc:1    | Reached skill level 9 in Dodging
 22176 | Orc:1    | 22176 ||| Stepping ~*~*~tactically~*~*~ (outnumbered).
 22177 | Orc:1    | 22177 ||| Stepping ~*~*~tactically~*~*~ (outnumbered).
 22183 | Orc:1    | Received a gift from Okawaru
 22197 | Orc:1    | 22197 ||| Stepping randomly (disturbance).
 22221 | Orc:1    | 22221 ||| DROPPING +2 heavy hand cannon.
 22346 | Orc:2    | 22346 ||| Stepping ~*~*~tactically~*~*~ (outnumbered).
 22347 | Orc:2    | 22347 ||| FLEEEEING.
 22349 | Orc:2    | 22349 ||| Stepping ~*~*~tactically~*~*~ (outnumbered).
 22352 | Orc:2    | 22352 ||| Stepping ~*~*~tactically~*~*~ (outnumbered).
 22389 | Orc:2    | 22389 ||| INVOKING Heroism.
 22421 | Orc:2    | Found a staircase to the Elven Halls.
 22470 | Orc:2    | 22470 ||| INVOKING Heroism.
 22472 | Orc:2    | 22472 ||| RETREATING.
 22474 | Orc:2    | Paralysed by an orc sorcerer for 3 turns
 22488 | Orc:2    | 22488 ||| FLEEEEING.
 22489 | Orc:2    | 22489 ||| FLEEEEING.
 22490 | Orc:2    | 22490 ||| RETREATING.
 22491 | Orc:2    | 22491 ||| INVOKING Heroism.
 22494 | Orc:2    | 22494 ||| Stepping ~*~*~tactically~*~*~ (retreating).
 22495 | Orc:2    | 22495 ||| Stepping ~*~*~tactically~*~*~ (retreating).
 22514 | Orc:2    | 22514 ||| INVOKING Heroism.
 22741 | Orc:2    | 22741 ||| INVOKING Heroism.
 22742 | Orc:2    | 22742 ||| RETREATING.
 22848 | Orc:2    | 22848 ||| INVOKING Heroism.
 22874 | Orc:2    | Found Uqeameem's Antique Armour Emporium.
 22874 | Orc:2    | Found Fyasedd's Magic Scroll Shop.
 22876 | Orc:2    | Found Cumoergh's Antique Weapon Shop.
 22876 | Orc:2    | Found Zetagad's Distillery.
 22882 | Orc:2    | 22882 ||| BUYING scroll of brand weapon (123 gold).
 22882 | Orc:2    | Bought a scroll of brand weapon for 123 gold pieces
 22882 | Orc:2    | 22882 ||| BUYING scroll of teleportation (39 gold).
 22882 | Orc:2    | Bought a scroll of teleportation for 39 gold pieces
 22885 | Orc:2    | 22885 ||| BUYING 2 potions of haste (340 gold).
 22885 | Orc:2    | Bought 2 potions of haste for 340 gold pieces
 22885 | Orc:2    | 22885 ||| BUYING potion of curing (51 gold).
 22885 | Orc:2    | Bought a potion of curing for 51 gold pieces
 22885 | Orc:2    | 22885 ||| BUYING potion of curing (51 gold).
 22885 | Orc:2    | Bought a potion of curing for 51 gold pieces
 22885 | Orc:2    | 22885 ||| BUYING potion of heal wounds (85 gold).
 22885 | Orc:2    | Bought a potion of heal wounds for 85 gold pieces
 22885 | Orc:2    | 22885 ||| BUYING potion of might (68 gold).
 22885 | Orc:2    | Bought a potion of might for 68 gold pieces
 22885 | Orc:2    | 22885 ||| BUYING potion of might (68 gold).
 22885 | Orc:2    | Bought a potion of might for 68 gold pieces
 22887 | Orc:2    | 22887 ||| BUYING encrusted hat (234 gold).
 22887 | Orc:2    | Bought an encrusted hat for 234 gold pieces
 22887 | Orc:2    | Identified the +1 hat "Yrufyut" {Dex+6} (You bought it in a
                  | shop on level 2 of the Orcish Mines)
 22887 | Orc:2    | 22887 ||| BUYING pair of embroidered boots (195 gold).
 22887 | Orc:2    | Bought a pair of embroidered boots for 195 gold pieces
 22887 | Orc:2    | 22887 ||| BUYING pair of glowing boots (195 gold).
 22887 | Orc:2    | Bought a pair of glowing boots for 195 gold pieces
 22955 | Orc:2    | 22955 ||| PLANNING SNAKE:1-3
 22955 | Orc:2    | 22955 ||| UPGRADING to +1 hat "Yrufyut" {Dex+6}.
 22965 | Orc:2    | 22965 ||| DROPPING +1 helmet.
 22966 | Orc:2    | 22966 ||| UPGRADING to +2 pair of boots of rampaging.
 22976 | Orc:2    | 22976 ||| DROPPING +0 pair of boots.
 22977 | Orc:2    | 22977 ||| DROPPING +1 pair of boots of flying.
 23110 | Snake:1  | Entered Level 1 of the Snake Pit
 23111 | Snake:1  | 23111 ||| RETREATING.
 23114 | Snake:1  | 23114 ||| Stepping ~*~*~tactically~*~*~ (retreating).
 23115 | Snake:1  | 23115 ||| Stepping ~*~*~tactically~*~*~ (retreating).
 23123 | Snake:1  | 23123 ||| INVOKING Heroism.
 23125 | Snake:1  | 23125 ||| Stepping ~*~*~tactically~*~*~ (retreating).
 23134 | Snake:1  | 23134 ||| Stepping ~*~*~tactically~*~*~ (retreating).
 23601 | Snake:1  | 23601 ||| INVOKING Heroism.
 23740 | Snake:1  | 23740 ||| RETREATING.
 23742 | Snake:1  | 23742 ||| Stepping ~*~*~tactically~*~*~ (retreating).
 23744 | Snake:1  | 23744 ||| INVOKING Heroism.
 23746 | Snake:1  | Reached skill level 15 in Fighting
 23747 | Snake:1  | 23747 ||| Stepping ~*~*~tactically~*~*~ (retreating).
 23752 | Snake:1  | 23752 ||| Stepping ~*~*~tactically~*~*~ (outnumbered).
 23784 | Snake:1  | Received a gift from Okawaru
 23784 | Snake:1  | Found the +4 skin of Zhor {*Englaciate rC+++ SInv}
 23942 | Snake:1  | 23942 ||| Stepping ~*~*~tactically~*~*~ (outnumbered).
 23944 | Snake:1  | Noticed a nagaraja
 23944 | Snake:1  | 23944 ||| Stepping ~*~*~tactically~*~*~ (retreating).
 23945 | Snake:1  | 23945 ||| Stepping ~*~*~tactically~*~*~ (retreating).
 23946 | Snake:1  | 23946 ||| Stepping ~*~*~tactically~*~*~ (retreating).
 23947 | Snake:1  | 23947 ||| Stepping ~*~*~tactically~*~*~ (retreating).
 23948 | Snake:1  | 23948 ||| RETREATING.
 23949 | Snake:1  | 23949 ||| Stepping ~*~*~tactically~*~*~ (retreating).
 23950 | Snake:1  | 23950 ||| INVOKING Heroism.
 23951 | Snake:1  | 23951 ||| Stepping ~*~*~tactically~*~*~ (retreating).
 23957 | Snake:1  | Killed a nagaraja
 24068 | Snake:1  | 24068 ||| INVOKING Heroism.
 24069 | Snake:1  | 24069 ||| Stepping ~*~*~tactically~*~*~ (outnumbered).
 24191 | Snake:1  | 24191 ||| Stepping ~*~*~tactically~*~*~ (outnumbered).
 24193 | Snake:1  | 24193 ||| Stepping ~*~*~tactically~*~*~ (outnumbered).
 24195 | Snake:1  | 24195 ||| Stepping ~*~*~tactically~*~*~ (outnumbered).
 24197 | Snake:1  | 24197 ||| Stepping ~*~*~tactically~*~*~ (outnumbered).
 24204 | Snake:1  | 24204 ||| Stepping ~*~*~tactically~*~*~ (retreating).
 24206 | Snake:1  | 24206 ||| Stepping ~*~*~tactically~*~*~ (retreating).
 24207 | Snake:1  | 24207 ||| Stepping ~*~*~tactically~*~*~ (retreating).
 24208 | Snake:1  | 24208 ||| Stepping ~*~*~tactically~*~*~ (retreating).
 24211 | Snake:1  | 24211 ||| INVOKING Heroism.
 24581 | Snake:1  | 24581 ||| UPGRADING to +4 skin of Zhor {*Englaciate rC+++
                  | SInv}.
 24591 | Snake:1  | 24591 ||| REMOVING ring of protection from cold.
 24592 | Snake:1  | 24592 ||| DROPPING amulet of regeneration.
 24602 | Snake:2  | 24602 ||| STAIRDANCE
 24613 | Snake:2  | 24613 ||| INVOKING Heroism.
 24760 | Snake:2  | 24760 ||| Stepping ~*~*~tactically~*~*~ (outnumbered).
 24761 | Snake:2  | 24761 ||| RETREATING.
 24797 | Snake:2  | 24797 ||| Stepping ~*~*~tactically~*~*~ (retreating).
 24803 | Snake:2  | Reached XP level 17. HP: 92/113 MP: 24/24
 24809 | Snake:2  | 24809 ||| INVOKING Heroism.
 24811 | Snake:2  | Reached skill level 22 in Ranged Weapons
 24932 | Snake:2  | 24932 ||| RETREATING.
 24937 | Snake:2  | 24937 ||| INVOKING Heroism.
 24944 | Snake:2  | 24944 ||| RETREATING.
 24949 | Snake:2  | 24949 ||| Stepping ~*~*~tactically~*~*~ (outnumbered).
 24951 | Snake:2  | 24951 ||| RETREATING.
 24953 | Snake:2  | 24953 ||| Stepping ~*~*~tactically~*~*~ (retreating).
 24958 | Snake:2  | 24958 ||| RETREATING.
 25026 | Snake:2  | 25026 ||| RETREATING.
 25032 | Snake:2  | 25032 ||| Stepping ~*~*~tactically~*~*~ (retreating).
 25035 | Snake:2  | 25035 ||| Stepping ~*~*~tactically~*~*~ (retreating).
 25036 | Snake:2  | 25036 ||| INVOKING Heroism.
 25040 | Snake:2  | 25040 ||| Stepping ~*~*~tactically~*~*~ (retreating).
 25126 | Snake:2  | 25126 ||| INVOKING Heroism.
 25176 | Snake:2  | 25176 ||| INVOKING Heroism.
 25178 | Snake:2  | 25178 ||| RETREATING.
 25182 | Snake:2  | 25182 ||| RETREATING.
 25183 | Snake:2  | 25183 ||| Stepping ~*~*~tactically~*~*~ (outnumbered).
 25185 | Snake:2  | 25185 ||| Stepping ~*~*~tactically~*~*~ (outnumbered).
 25188 | Snake:2  | 25188 ||| Stepping ~*~*~tactically~*~*~ (outnumbered).
 25190 | Snake:2  | 25190 ||| Stepping ~*~*~tactically~*~*~ (outnumbered).
 25195 | Snake:2  | 25195 ||| Stepping ~*~*~tactically~*~*~ (outnumbered).
 25197 | Snake:2  | 25197 ||| RETREATING.
 25256 | Snake:2  | 25256 ||| INVOKING Heroism.
 25398 | Snake:2  | Received a gift from Okawaru
 25412 | Snake:2  | 25412 ||| Stepping ~*~*~tactically~*~*~ (retreating).
 25529 | Snake:2  | 25529 ||| INVOKING Heroism.
 25747 | Snake:2  | 25747 ||| DROPPING +6 ring of intelligence.
 25771 | Snake:3  | 25771 ||| STAIRDANCE
 25773 | Snake:3  | 25773 ||| INVOKING Heroism.
 25775 | Snake:3  | HP: 13/115 [naga warrior/+0 long sword (32)]
 25776 | Snake:3  | 25776 ||| READING 9 scrolls of teleportation.
 25776 | Snake:3  | HP: 1/115 [constriction (7)]
 25777 | Snake:3  | 25777 ||| DRINKING potion of heal wounds.
 25780 | Snake:3  | 25780 ||| READING 8 scrolls of teleportation.
 25781 | Snake:3  | 25781 ||| Stepping ~*~*~tactically~*~*~ (retreating).
 25781 | Snake:3  | HP: 6/115 [constriction[a naga ritualist] (3)]
 25782 | Snake:3  | HP: 2/115 [constriction[a naga ritualist] (2)]
 25784 | Snake:3  | 25784 ||| READING 7 scrolls of teleportation.
 25786 | Snake:3  | 25786 ||| READING 6 scrolls of teleportation.
 25787 | Snake:3  | Slain by a black mamba

Levels and vault maps discovered:
D:1:      minmay_arrival_diagonal_passages, layout_loops_ring,
          minmay_parallelograms
D:2:      layout_loops_corners, basic_altar
D:3:      layout_basic, gup_sewer_entry_pipe
D:4:      layout_loops_ring, grunt_decor_cap
D:5:      cheibrodos_thug_alley, layout_basic, kennysheep_mini_moat,
          gammafunk_ghost_smash, uniq_sigmund
D:6:      layout_rooms
D:7:      minmay_the_grid_plus_closed [minmay_the_grid_square_x,
          minmay_the_grid_all_tris, minmay_the_grid_dragon_b,
          minmay_the_grid_minigrid_medium, minmay_the_grid_prize_diamond_cup],
          layout_cave_pools, kiku_gazebo_pond_becter,
          mainiacjoe_overflow_two_lobes, minmay_temple_entry_drinking_statues
D:8:      layout_loops_corners, old_standard_altar, grunt_dithmenos_shadows,
          ploomutoo_gammafunk_ghost_potion_laboratory, minmay_joined_circles
D:9:      layout_basic, dpeg_oklobed_lair, orc_0_dummy, minmay_between
D:10:     layout_stronghold, serial_rivers, chequers_serial_rivers_micro_b,
          chequers_serial_rivers_micro_c, chequers_serial_rivers_micro_b,
          chequers_serial_rivers_micro_e,
          nicolae_concentric_dashed_squares_wild, nrook_loot_triangle
D:11:     layout_roguey, nicolae_fountain_basement
D:12:     layout_loops_ring
D:13:     layout_loops_ring, skrybe_vaults_entry_preservation,
          lemuel_freeze_loot_1, uniq_azrael
D:14:     minmay_concentric_multi, layout_basic, amcnicky_mini_corridor_feature
D:15:     hellmonk_depths_entry_around_the_bend, layout_basic, serial_curves,
          eino_curves_02, eino_curves_04
Temple:   nicolae_temple_superstar
Lair:1:   layout_roguey, nicolae_lair_grazing_beasts
          [nicolae_sub_lair_graze_edge, nicolae_sub_lair_graze_edge,
          nicolae_sub_lair_graze_edge, nicolae_sub_lair_graze_edge],
          infiniplex_staircase_pool_2
Lair:2:   layout_chaotic_city, palyth_hydra_swamp_entry
Lair:3:   layout_hall_layers, dummy_snake_entry, pdpol_lair_cavern_descent,
          serial_bayou_shore_b
Lair:4:   layout_concentric_octagons, minmay_slime_entry_oklob_open,
          basic_altar, beast_lair_carwin_10, uniq_rupert
Lair:5:   hellmonk_lair_end_abyssal_woods, layout_small_grid
Snake:1:  layout_rooms, st_stairs_13, nicolae_snake_scaly_snakehead
Snake:2:  layout_onion, nicolae_snake_magic_snake_eye, grunt_megastairs_1
Snake:3:  layout_rooms, grunt_megastairs_2
Orc:1:    layout_caves
Orc:2:    grunt_orc_tribal_feast, layout_caves, serial_shops,
          nicolae_diamond_shop, rock_pile

Skill      XL: |  1  2  3  4  5  6  7  8  9 10 11 12 13 14 15 16 17 |
---------------+----------------------------------------------------+-----
Ranged Weapons | 5 6 7 8 10 11 13 14 16 18 19 20 21 22 | 22.0
Fighting       | 3 4 5 6 8 9 10 11 13 14 15 16 | 16.1
Armour         | 1 2 3 4 6 |  6.0
Dodging        | 2 3 4 5 6 7 8 10 11 | 11.0
Invocations    | 4 7 10 | 10.0
Stealth        | |  1.1

Action                     |  1- 3 |  4- 6 |  7- 9 | 10-12 | 13-15 | 16-18 || total
---------------------------+-------+-------+-------+-------+-------+-------++-------
   Fire: Shortbow          |   113 |   230 |   333 |       |       |       ||   676
         Orcbow            |       |       |    27 |    13 |       |       ||    40
         Arbalest          |       |       |       |   102 |       |       ||   102
         Triple crossbow   |       |       |       |   278 |    80 |       ||   358
         Hand cannon       |       |       |       |       |   809 |   634 ||  1443
 Invoke: Heroism           |       |       |       |    21 |    24 |    26 ||    71
         Finesse           |       |       |       |     2 |     5 |     1 ||     8
    Use: Potion            |     1 |     1 |     2 |     3 |     9 |     1 ||    17
         Scroll            |       |    11 |     4 |     8 |     7 |     4 ||    34
 Armour: Leather armour    |    14 |   141 |    12 |       |       |       ||   167
         Ring mail         |       |       |    44 |       |       |       ||    44
         Robe              |       |       |    90 |   193 |   320 |   151 ||   754
         Animal skin       |       |       |       |       |       |   101 ||   101
  Dodge: Dodged            |    22 |   120 |   165 |   216 |   353 |   415 ||  1291

Table legend:
 A = Non-vault XP
 B = Vault XP
 C = Vault XP percentage of total XP
 D = Non-vault monster count
 E = Vault monster count
 F = Vault count percentage of total count
                 A         B        C        D         E       F
            +---------+---------+-------+---------+---------+-------
      Total |  107703 |  102965 |  48.9 |     537 |     300 |  35.8
            +---------+---------+-------+---------+---------+-------
        D:1 |      30 |       0 |   0.0 |      19 |       0 |   0.0
        D:2 |      94 |       0 |   0.0 |      22 |       0 |   0.0
        D:3 |      46 |       8 |  14.8 |      20 |       4 |  16.7
        D:4 |     606 |       0 |   0.0 |      21 |       0 |   0.0
        D:5 |     640 |     348 |  35.2 |      11 |      12 |  52.2
        D:6 |     666 |       0 |   0.0 |      18 |       0 |   0.0
        D:7 |     719 |    2109 |  74.6 |      13 |      14 |  51.9
        D:8 |    1840 |    1885 |  50.6 |      23 |      16 |  41.0
        D:9 |    3726 |     339 |   8.3 |      33 |       3 |   8.3
       D:10 |    3662 |     832 |  18.5 |      18 |       1 |   5.3
       D:11 |    3175 |     266 |   7.7 |      13 |       1 |   7.1
       D:12 |    4124 |       0 |   0.0 |      17 |       0 |   0.0
       D:13 |    5073 |    6217 |  55.1 |      12 |      14 |  53.8
       D:14 |    5952 |   11731 |  66.3 |      14 |      24 |  63.2
       D:15 |    5174 |    3841 |  42.6 |      12 |       7 |  36.8
     Lair:1 |    6925 |   12968 |  65.2 |      33 |      33 |  50.0
     Lair:2 |    5841 |    3012 |  34.0 |      26 |      10 |  27.8
     Lair:3 |    7688 |    2395 |  23.8 |      26 |       7 |  21.2
     Lair:4 |    7621 |    5568 |  42.2 |      31 |      14 |  31.1
     Lair:5 |    4816 |   10212 |  68.0 |      16 |      40 |  71.4
    Snake:1 |   11320 |   16636 |  59.5 |      25 |      25 |  50.0
    Snake:2 |   19470 |   16251 |  45.5 |      35 |      22 |  38.6
    Snake:3 |     329 |       0 |   0.0 |       2 |       0 |   0.0
      Orc:1 |    4425 |     664 |  13.0 |      36 |       1 |   2.7
      Orc:2 |    3741 |    7567 |  66.9 |      41 |      33 |  44.6
      Sewer |       0 |     116 | 100.0 |       0 |      19 | 100.0
            +---------+---------+-------+---------+---------+-------
